 Dungeon Crawl Stone Soup version 0.24-a0-415-g6d73c25c48 (webtiles) character file.

Game seed: 15583760695266588404

6052 Lanoc the Carver (level 10, -8/71 HPs)
             Began as a Vampire Monk on June 7, 2019.
             Was a High Priest of Hepliaklqana.
             Hit by a javelin thrown by a minotaur (15 damage)
             ... in a Gauntlet.
             The game lasted 00:26:31 (7611 turns).

Lanoc the Carver (Vampire Monk)                     Turns: 7611, Time: 00:26:32

Health: -8/71      AC:  5    Str: 17    XL:     10   Next: 57%
Magic:  10/13      EV: 18    Int: 19    God:    Hepliaklqana [*****.]
Gold:   611        SH:  0    Dex: 21    Spells: 0/9 levels left

rFire    + + .     SeeInvis +   o - +3 falchion (slice)
rCold    x . .     Gourm    .   (no shield)
rNeg     . . .     Faith    .   D - +2 leather armour {rF+}
rPois    +         Spirit   .   (no helmet)
rElec    +         Reflect  .   (no cloak)
rCorr    .         Harm     .   (no gloves)
MR       +....     NoTele   +   (no boots)
Stlth    +++.......             f - amulet of the acrobat
HPRegen  0.41/turn              B - ring "Soitaj" {Fire rElec rPois Str+4 Int-4}
MPRegen  0.13/turn              l - ring "Wuolaryz" {Int+6 Dex+3 SInv Stlth+}

@: brilliant, very slightly contaminated, regenerating quickly, heavily drained
A: no food, reduced essence, fangs 3, see invisible, unbreathing, evolution 1,
MP-powered wands
a: Exsanguinate, Recall Ancestor, Ancestor Identity, Transference, Idealise,
Renounce Religion


You were in a Gauntlet.
You worshipped Hepliaklqana.
Hepliaklqana was extremely pleased with you.
You were alive.

You visited 2 branches of the dungeon, and saw 11 of its levels.
You also visited: Gauntlet.

You collected 611 gold pieces.

Inventory:

Hand Weapons
 a - a +0 falchion
 k - the +5 broad axe "Hejuh" {vamp, Int+3 Dex-3, unknown}
   (You found it in a Gauntlet)

   It inflicts no extra harm, but heals its wielder when it wounds a living foe.
   It affects your intelligence (+3).
   It affects your dexterity (-3).
 o - a +3 falchion of slicing (weapon)
 A - a +1 long sword
Armour
 v - a +2 chain mail of poison resistance
 D - a +2 leather armour of fire resistance (worn)
Jewellery
 d - an uncursed ring of protection from fire
 f - an amulet of the acrobat (around neck)
 l - the ring "Wuolaryz" (right hand) {Int+6 Dex+3 SInv Stlth+}
   (You found it in a Gauntlet)

   [ring of intelligence]

   It affects your intelligence (+6).
   It affects your dexterity (+3).
   It lets you see invisible.
   It makes you more stealthy.
 r - an uncursed ring of protection from cold
 s - an uncursed ring of protection from magic
 w - an uncursed ring of wizardry
 B - the ring "Soitaj" (left hand) {Fire rElec rPois Str+4 Int-4}
   (You found it on level 7 of the Dungeon)

   [ring of fire]

   It enhances your fire magic.
   It affects your strength (+4).
   It affects your intelligence (-4).
   It protects you from fire.
   It makes you vulnerable to cold.
   It insulates you from electricity.
   It protects you from poison.
Wands
 b - a wand of iceblast (9)
 c - a wand of flame (16)
 y - a wand of polymorph (12)
Scrolls
 e - 8 scrolls of remove curse
 h - 2 scrolls of amnesia
 i - 4 scrolls of enchant armour
 j - 7 scrolls of teleportation
 m - 2 scrolls of fog
Potions
 g - 3 potions of curing
 n - a potion of brilliance
 p - a potion of cancellation
 t - a potion of flight


   Skills:
 + Level 7.3(5.9) Fighting
 * Level 10.9(9.3) Long Blades
 + Level 8.8(7.3) Dodging
 - Level 3.0(1.7) Stealth
 + Level 3.9(2.5) Hexes
 + Level 4.5(3.2) Invocations


You couldn't memorise any spells.
You knew the following spells:

 Your Spells              Type           Power        Failure   Level  Hunger
a - Ensorcelled Hibernat  Hex/Ice        ###...       2%          2    N/A
b - Tukima's Dance        Hex            ###.....     3%          3    N/A
c - Fulminant Prism       Conj/Hex       ###.......   16%         4    N/A

Your spell library contained the following spells:

 Spells                   Type           Power        Failure   Level  Hunger
 Corona                   Hex            ###....      1%          1    N/A
 Magic Dart               Conj           ##..         3%          1    N/A
 Shock                    Conj/Air       ##..         3%          1    N/A
 Confuse                  Hex            ###.....     3%          3    N/A
 Searing Ray              Conj           ##....       4%          2    N/A
 Swiftness                Chrm/Air       ##......     4%          2    N/A
 Dazzling Spray           Conj/Hex       ###...       5%          3    N/A
 Static Discharge         Conj/Air       ##......     9%          3    N/A
 Airstrike                Air            ##........   24%         4    N/A
 Force Lance              Conj/Tloc      ##......     24%         4    N/A
 Iskenderun's Mystic Bla  Conj           ##......     24%         4    N/A
 Lightning Bolt           Conj/Air       ##........   52%         5    N/A

Dungeon Overview and Level Annotations

Branches:
Dungeon (11/15)            Temple (1/1) D:7             Orc (0/2) D:9
   Lair: D:8-11

Altars:
Ashenzari
Dithmenos
Fedhas
Gozag
Hepliaklqana
Nemelex Xobeh
Qazlal
Ru
Sif Muna
Trog
Wu Jian
Xom

Annotations:
Gauntlet 6 transporters


Innate Abilities, Weirdness & Mutations

You do not eat.
Your natural rate of healing is unusually fast.
You have razor-sharp teeth.
You have supernaturally acute eyesight. (SInv)
You can survive without breathing.
Your life essence is reduced to manifest your ancestor. (-10% HP)
You evolve.
You expend magic power (3 MP) to strengthen your wands.


Message History

The minotaur is lightly wounded.
Arammadara hits the minotaur with a +0 quarterstaff!
The minotaur hits you!!
* * * LOW HITPOINT WARNING * * *
The minotaur closely misses you.
Blink to where?
Press: ? - help, Dir - move target cursor
As you read the scroll of blinking, it crumbles to dust.
The minotaur throws a javelin.
The javelin misses you.
Found a chain mail.
Found a gate leading back out of this place.
b - a wand of iceblast (9);
c - a wand of flame (16)
You now have 579 gold pieces (gained 25).
You now have 585 gold pieces (gained 6).
You now have 611 gold pieces (gained 26).
There is a gate leading back out of this place here.
Items here: ( ) [[[ | }
k - an ichor-stained broad axe The minotaur throws a javelin.
The javelin pierces through you!
You die...

###
#8.8.8..©.©..8.8.
#§.....†.........
#########.#######
#.##### #.....#
#######.#
#.(.(R#.#
#.###H#.#
#(#@#(#.#
#.#.#.#.#
#.#.#.#.#
#.#.H.#.#
#.#####.#
#(......#
#########


You could see a minotaur.

Vanquished Creatures
  A cyclops (D:11)
  Sigmund (D:3)
  A shadow (Gauntlet)
  2 yaks (D:11)
  2 hell hounds (Gauntlet)
  2 ice beasts (D:7)
  A sky beast (D:8)
  A centaur (D:7)
  A big kobold (D:8)
  6 bullfrogs
  A howler monkey (D:6)
  A crimson imp (D:5)
  A jelly (D:9)
  2 bullfrog skeletons (D:9)
  An orc priest (D:8)
  2 orc wizards
  Terence (D:3)
  A worker ant (D:9)
  A centaur simulacrum (D:7)
  A worker ant zombie (D:6)
  3 gnolls (D:5)
  3 adders
  A hound simulacrum (D:7)
  2 shadow imps (Gauntlet)
  2 white imps (D:7)
  An ooze (D:4)
  An adder zombie (D:7)
  An adder skeleton (D:4)
  3 leopard geckos
  13 orcs
  8 giant cockroaches
  3 goblins
  4 hobgoblins
  6 jackals
  14 kobolds
  8 bats
  3 frilled lizards
  A jackal simulacrum (D:7)
  A quokka skeleton (D:6)
  A quokka zombie (D:6)
  8 rats
  A butterfly (D:4)
118 creatures vanquished.

Vanquished Creatures (collateral kills)
  A soul eater (Gauntlet)
  The ghost of toftt the Shooter, a novice CeAM of Trog (D:7)
  Grinder (D:5)
  A hippogriff (D:11)
  A shadow (Gauntlet)
  A human (D:8)
  Eustachio (D:5)
  A yak (D:11)
  An orc warrior (D:6)
  An ice beast (D:6)
  2 sky beasts
  A phantom (D:6)
  A centaur (D:9)
  A big kobold (D:8)
  Blork the orc (D:6)
  3 scorpions
  A water moccasin skeleton (D:4)
  3 crimson imps
  A bullfrog zombie (D:9)
  A quasit (D:8)
  A jelly (D:8)
  2 orc priests
  3 orc wizards
  A bullfrog skeleton (D:9)
  2 iguanas
  Natasha (D:3)
  4 worker ants
  A hound zombie (D:5)
  A worker ant zombie (D:8)
  5 adders
  A gnoll (D:5)
  3 shadow imps
  A worm (D:3)
  A dart slug (D:4)
  2 leopard geckos
  8 orcs
  A hobgoblin (D:3)
  A quokka (D:5)
  A kobold (D:8)
  A rat (D:3)
66 creatures vanquished.

Vanquished Creatures (others)
  7 battlemagi
  4 demonic plants (Gauntlet)
  5 toadstools (D:1)
16 creatures vanquished.

Grand Total: 200 creatures vanquished

Notes
Turn   | Place    | Note
-------+----------+-------------------------------------------
     0 | D:1      | Lanoc the Vampire Monk began the quest for the Orb.
     0 | D:1      | Reached XP level 1. HP: 17/17 MP: 1/1
   199 | D:1      | Reached XP level 2. HP: 16/23 MP: 2/2
   519 | D:2      | Reached XP level 3. HP: 29/29 MP: 3/3
   598 | D:2      | Found a blossoming altar of Fedhas.
  1078 | D:2      | Found a hazy altar of Hepliaklqana.
  1084 | D:2      | Became a worshipper of Hepliaklqana the Forgotten
  1084 | D:2      | Reached * piety under Hepliaklqana
  1084 | D:2      | Reached ** piety under Hepliaklqana
  1147 | D:2      | Found a sparkling altar of Nemelex Xobeh.
  1147 | D:2      | Found a shimmering altar of Xom.
  1148 | D:2      | Remembered your ancestor Arammadara as a battlemage
  1394 | D:3      | Reached skill level 4 in Long Blades
  1441 | D:3      | Noticed Sigmund
  1539 | D:3      | Found a faded altar of an unknown god.
  1605 | D:3      | Killed Sigmund
  1605 | D:3      | Reached skill level 5 in Long Blades
  1605 | D:3      | Reached XP level 4. HP: 33/33 MP: 4/4
  1605 | D:3      | Reached XP level 5. HP: 37/37 MP: 5/5
  1691 | D:3      | Noticed Natasha
  1693 | D:3      | Noticed Terence
  1699 | D:3      | Killed Terence
  1704 | D:3      | Killed Natasha
  1704 | D:3      | Reached XP level 6. HP: 15/43 MP: 6/6
  2210 | D:4      | Found a sacrificial altar of Ru.
  2393 | D:4      | Reached skill level 5 in Dodging
  2646 | D:4      | Reached *** piety under Hepliaklqana
  2648 | D:4      | Found a shattered altar of Ashenzari.
  2651 | D:4      | Found a bloodstained altar of Trog.
  2654 | D:4      | Found a stormy altar of Qazlal.
  2697 | D:5      | Entered Level 5 of the Dungeon
  2856 | D:5      | Reached skill level 6 in Long Blades
  2903 | D:5      | Reached XP level 7. HP: 48/48 MP: 7/7
  2906 | D:5      | Noticed Eustachio
  2914 | D:5      | Killed Eustachio
  2987 | D:5      | Noticed Grinder
  2995 | D:5      | Killed Grinder
  2995 | D:5      | Reached skill level 7 in Long Blades
  3357 | D:6      | Reached skill level 5 in Fighting
  3362 | D:6      | Reached XP level 8. HP: 54/55 MP: 8/8
  3618 | D:6      | Reached skill level 8 in Long Blades
  3985 | D:6      | Reached **** piety under Hepliaklqana
  4004 | D:6      | Noticed Blork the orc
  4013 | D:6      | Killed Blork the orc
  4364 | D:7      | Found a staircase to the Ecumenical Temple.
  4372 | Temple   | Entered the Ecumenical Temple
  4399 | D:7      | Reached skill level 1 in Invocations
  4509 | D:7      | Found a runed translucent gate.
  4509 | D:7      | Found a runed translucent gate.
  4509 | D:7      | Found a runed translucent gate.
  4596 | D:7      | Noticed toftt's ghost (novice CeAM)
  5158 | D:7      | Killed toftt's ghost
  5158 | D:7      | Reached skill level 9 in Long Blades
  5158 | D:7      | Reached XP level 9. HP: 36/62 MP: 10/10
  5194 | D:7      | Got the ring "Soitaj" {Fire}
  5196 | D:7      | Identified the ring "Soitaj" {Fire rElec rPois Str+4 Int-4}
                  | (You found it on level 7 of the Dungeon)
  5896 | D:8      | Reached ***** piety under Hepliaklqana
  6247 | D:9      | Found a staircase to the Orcish Mines.
  6258 | D:8      | Reached skill level 10 in Long Blades
  6623 | D:9      | Found an opulent altar of Gozag.
  6671 | D:9      | Learned a level 2 spell: Ensorcelled Hibernation
  6675 | D:9      | Learned a level 3 spell: Tukima's Dance
  6696 | D:9      | Reached XP level 10. HP: 64/69 MP: 12/12
  6712 | D:9      | You fall into a shaft and drop 2 floors!
  6719 | D:11     | Noticed a cyclops
  6720 | D:11     | Found a gate leading to a gauntlet.
  6725 | D:11     | Reached skill level 1 in Hexes
  6735 | D:11     | Killed a cyclops
  6769 | Gauntlet | Entered a Gauntlet
  6769 | Gauntlet | Found a transporter.
  6769 | Gauntlet | Found a transporter.
  6769 | Gauntlet | Noticed a tengu warrior
  6770 | Gauntlet | Found a transporter.
  6773 | Gauntlet | Found a transporter.
  6773 | Gauntlet | Found a transporter.
  6783 | Gauntlet | Found a transporter.
  6787 | Gauntlet | Found a transporter.
  6797 | Gauntlet | Found a transporter.
  6798 | Gauntlet | Noticed a reaper
  6802 | Gauntlet | Found a transporter.
  6803 | Gauntlet | Noticed a hell hog
  6821 | Gauntlet | Found a transporter.
  6825 | Gauntlet | Found a transporter.
  6828 | Gauntlet | Noticed a soul eater
  6839 | Gauntlet | Found a transporter.
  7001 | Gauntlet | Got a glittering pewter ring
  7004 | Gauntlet | Identified the ring "Wuolaryz" {Int+6 Dex+3 SInv Stlth+}
                  | (You found it in a Gauntlet)
  7032 | Gauntlet | Killed a soul eater
  7364 | Gauntlet | Noticed a minotaur
  7386 | Gauntlet | Gained mutation: You expend magic power (3 MP) to
                  | strengthen your wands. [potion of mutation]
  7386 | Gauntlet | Gained mutation: You evolve. [potion of mutation]
  7593 | Gauntlet | Learned a level 4 spell: Fulminant Prism
  7611 | Gauntlet | Got an ichor-stained broad axe
  7611 | Gauntlet | Hit by a javelin thrown by a minotaur

Levels and vault maps discovered:
D:1:      ldierk_walled_garden, layout_rooms
D:2:      layout_basic, lemuel_round_altar, marbit_many_paths,
          gammafunk_temple_overflow_elements
D:3:      layout_basic, chequers_ecumenical_altar_simple, uniq_sigmund,
          uniq_natasha, uniq_terence
D:4:      layout_cave_pools, grunt_temple_overflow_diamond,
          nicolae_ru_sacrificial_ziggurat, minmay_misc_feat_cross,
          hangedman_glass_garden
D:5:      layout_loops_cross, first_ration, wad_floor_pattern_untrapped,
          uniq_eustachio, uniq_grinder
D:6:      layout_basic, uniq_blork_the_orc
D:7:      layout_layer_cave, minmay_temple_entry_gardened_gates,
          gammafunk_ghost_icy
D:8:      layout_gridville, grunt_pizzeria
D:9:      layout_loops_ring, grunt_gozag_statues, serial_glass, glass_columns_a,
          glass_columns_a, minivault_11
D:11:     layout_basic, gauntlet_entry_generic
Temple:   cyrus_circular_temple
Gauntlet: gammafunk_gauntlet_hard_choice [gammafunk_gauntlet_arena_grid,
          gammafunk_gauntlet_arena_split_x, nicolae_gauntlet_arena_x,
          gammafunk_gauntlet_arena_crates, nicolae_gauntlet_arena_grate_2,
          gammafunk_gauntlet_arena_mazey, gauntlet_exit_spiral]

Skill      XL: |  1  2  3  4  5  6  7  8  9 10 |
---------------+-------------------------------+-----
Fighting       | 3 4 5 6 7 |  7.3
Long Blades    | 5 6 7 9 10 | 10.9
Dodging        | 4 5 6 7 8 |  8.8
Invocations    | 2 3 4 |  4.5
Hexes          | 3 |  3.9
Stealth        | |  3.0

Action                   |  1- 3 |  4- 6 |  7- 9 | 10-12 || total
-------------------------+-------+-------+-------+-------++-------
Melee: Falchion          |   120 |    89 |   135 |     4 ||   348
       Bite              |     5 |    11 |    44 |    16 ||    76
       Long sword        |       |       |   145 |    50 ||   195
Throw: Throwing net      |       |       |       |     1 ||     1
 Cast: Ensorcelled Hiber |       |       |       |     2 ||     2
Invok: Ancestor Life: Ba |     1 |       |       |       ||     1
       Recall Ancestor   |       |       |       |     1 ||     1
 Abil: Exsanguinate      |     1 |       |       |       ||     1
       Revivify          |     1 |       |       |       ||     1
  Use: Potion            |     4 |       |     3 |    10 ||    17
       Scroll            |     2 |     4 |     6 |     5 ||    17
 Stab: Sleeping          |    11 |     8 |     8 |       ||    27
       Distracted        |       |     2 |     4 |       ||     6
       Held in net/web   |       |       |       |     2 ||     2
Armor: Robe              |    12 |    11 |    12 |       ||    35
       Skin              |     8 |       |       |       ||     8
       Leather armour    |       |       |    29 |     2 ||    31
Dodge: Dodged            |    70 |    63 |   247 |    53 ||   433
       Rpst.: Falchion   |    28 |    17 |    38 |       ||    83
       Long sword        |       |       |    41 |    14 ||    55

Table legend:
 A = Non-vault XP
 B = Vault XP
 C = Vault XP percentage of total XP
 D = Non-vault monster count
 E = Vault monster count
 F = Vault count percentage of total count
                 A         B        C        D         E       F
            +---------+---------+-------+---------+---------+-------
      Total |    4884 |    3763 |  43.5 |     158 |      25 |  13.7
            +---------+---------+-------+---------+---------+-------
        D:1 |      22 |       0 |   0.0 |      14 |       0 |   0.0
        D:2 |      35 |       1 |   2.8 |      15 |       1 |   6.2
        D:3 |      95 |     291 |  75.4 |      22 |       3 |  12.0
        D:4 |     176 |       0 |   0.0 |      13 |       0 |   0.0
        D:5 |     261 |     477 |  64.6 |      17 |       2 |  10.5
        D:6 |     818 |      90 |   9.9 |      16 |       1 |   5.9
        D:7 |     454 |    1117 |  71.1 |      12 |       8 |  40.0
        D:8 |     992 |     196 |  16.5 |      28 |       1 |   3.4
        D:9 |     569 |       0 |   0.0 |      14 |       0 |   0.0
       D:11 |    1462 |       0 |   0.0 |       7 |       0 |   0.0
   Gauntlet |       0 |    1591 | 100.0 |       0 |       9 | 100.0
            +---------+---------+-------+---------+---------+-------
